 Dungeon Crawl Stone Soup version 0.22-a0-608-g8a62e23 (webtiles) character file.

280 Hebeh the Magician (level 6, -5/34 HPs)
             Began as a Deep Elf Fire Elementalist on July 9, 2018.
             Killed from afar by an orc wizard (9 damage)
             ... with a magic dart
             ... on level 4 of the Dungeon.
             The game lasted 00:16:33 (3644 turns).

Hebeh the Magician (Deep Elf Fire Elementalist)     Turns: 3644, Time: 00:16:33

Health: -5/34      AC:  2    Str:  5    XL:     6   Next: 5%
Magic:  11/15      EV: 13    Int: 22    God:
Gold:   130        SH:  0    Dex: 15    Spells: 9/15 levels left

rFire    . . .     SeeInvis .   b - -3 fustibalus
rCold    + . .     Gourm    .   (no shield)
rNeg     + . .     Faith    .   v - +0 robe
rPois    .         Spirit   .   (no helmet)
rElec    .         Reflect  .   (no cloak)
rCorr    .         Harm     .   (no gloves)
MR       .....                  (no boots)
Stlth    ++........             (no amulet)
HPRegen  0.11/turn              h - ring of positive energy
MPRegen  0.14/turn              o - ring of protection from cold

@: slowed, very slow
A: no striking features
a: no special abilities


You were on level 4 of the Dungeon.
You were not hungry.

You visited 1 branch of the dungeon, and saw 4 of its levels.

You collected 130 gold pieces.

Inventory:

Hand Weapons
 a - a +1 falchion of electrocution
 b - a -3 fustibalus (weapon)
 j - a +1 short sword
 q - a cursed +0 trident
Missiles
 d - 203 stones (quivered)
 g - 19 sling bullets
 k - 8 tomahawks
Armour
 v - a +0 robe (worn)
Jewellery
 h - a ring of positive energy (left hand)
 n - an uncursed ring of ice
 o - a ring of protection from cold (right hand)
Wands
 t - a wand of disintegration (22)
Scrolls
 i - 7 scrolls of teleportation
 r - 2 scrolls of magic mapping
 s - a scroll of identify
 w - a scroll of enchant armour {unknown}
Potions
 e - a potion of cancellation {unknown}
 f - a potion of resistance {unknown}
 m - 2 potions of curing
 p - a potion of lignification
 u - a potion of might {unknown}
Comestibles
 c - 9 rations
 l - 2 chunks of flesh


   Skills:
 + Level 1.5 Fighting
 - Level 2.4 Dodging
 - Level 2.4 Stealth
 * Level 5.1 Spellcasting
 * Level 3.6 Conjurations
 * Level 4.8 Fire Magic


You had 9 spell levels left.
You knew the following spells:

 Your Spells              Type           Power        Failure   Level  Hunger
a - Flame Tongue          Conj/Fire      ###..        1%          1    None
b - Throw Flame           Conj/Fire      ###...       2%          2    None
c - Conjure Flame         Conj/Fire      ###.....     5%          3    ##.....

Your spell library contained the following spells:

 Spells                   Type           Power        Failure   Level  Hunger
 Fireball                 Conj/Fire      ###.......   43%         5    #####..
 Sticky Flame             Conj/Fire      ###.....     17%         4    ####...
 Inner Flame              Hex/Fire       ###.....     11%         3    ##.....


Dungeon Overview and Level Annotations

Branches:
Dungeon (4/15)
 Temple: D:4-7

Altars:
Elyvilon
Fedhas
Hepliaklqana
Sif Muna


Message History

Casting: Flame Tongue (safe; 1% risk of failure)
Confirm with . or Enter, or press ? or * to list all spells.
Aiming: Flame Tongue (safe; 1% risk of failure)
Press: ? - help, Shift-Dir - straight line, f/p - orc wizard
Aim: an orc wizard, wielding a dagger and wearing a robe (fast)
The flame tongue hits the orc wizard.
The orc wizard appears unharmed.
The orc wizard hits you with a dagger. x2
Really attack while wielding your -3 fustibalus?
Okay, then.
The orc priest shouts!
The orc wizard points at you and mumbles some strange words.
You feel yourself slow down.
The orc wizard gestures at you while chanting.
The magic dart hits you! The orc wizard casts a spell at you.
The magic dart hits you!
* * * LOW HITPOINT WARNING * * *
The orc wizard gestures at you while chanting.
The magic dart hits you!
You die...

#...<..#.............#....
#......#.............#....
+......#####'###.....#....
#......#......##....##....
#......#......########....
#.......# ..... #<......#
#### #...o...# +.@.....#
####ยง####


+ooo.# #+#..# ..# .# .# # You could see an orc priest and 2 orc wizards.

Vanquished Creatures
  2 orc priests
  4 gnolls (D:2)
  7 adders
  2 oozes (D:3)
  An adder skeleton (D:4)
  6 worms
  A dart slug (D:2)
  A leopard gecko (D:4)
  13 orcs
  2 ball pythons (D:3)
  4 giant cockroaches
  4 hobgoblins
  3 jackals
  9 kobolds
  3 quokkas
  5 bats
  4 frilled lizards
  6 goblins
  A leopard gecko skeleton (D:4)
  6 rats
84 creatures vanquished.

Notes
Turn   | Place    | Note
-------+----------+-------------------------------------------
     0 | D:1      | Hebeh the Deep Elf Fire Elementalist began the quest for the Orb.
     0 | D:1      | Reached XP level 1. HP: 10/10 MP: 6/6
   771 | D:1      | Reached XP level 2. HP: 15/15 MP: 8/8
  1113 | D:2      | Reached XP level 3. HP: 20/20 MP: 7/10
  1642 | D:2      | Reached skill level 4 in Spellcasting
  1642 | D:2      | Reached XP level 4. HP: 24/24 MP: 8/12
  1748 | D:2      | Reached skill level 1 in Fighting
  1958 | D:2      | Found a deep blue altar of Sif Muna.
  2356 | D:3      | Reached XP level 5. HP: 22/29 MP: 8/13
  3200 | D:4      | Learned a level 2 spell: Throw Flame
  3204 | D:4      | Learned a level 3 spell: Conjure Flame
  3309 | D:4      | Reached skill level 5 in Spellcasting
  3407 | D:4      | Found a white marble altar of Elyvilon.
  3407 | D:4      | Found a hazy altar of Hepliaklqana.
  3448 | D:4      | Found a blossoming altar of Fedhas.
  3546 | D:4      | Reached XP level 6. HP: 34/34 MP: 11/15
  3632 | D:4      | Found a deep blue altar of Sif Muna.
  3644 | D:4      | Killed from afar by an orc wizard

Vault maps used:
D:1:      tarquinn_simple_flora_water_b, feat_on_display
D:2:      lemuel_blue_sif_altar
D:3:      minmay_quantized
D:4:      cheibrodos_pilgrimage, gammafunk_temple_overflow_forgotten,
          grunt_dithmenos_smoke, kennysheep_mini, first_ration, st_stairs_13,
          fedhas_altar_2

Skill      XL: |  1  2  3  4  5 |
---------------+----------------+-----
Conjurations   | 2 3 |  3.6
Fire Magic     | 4 |  4.8
Spellcasting   | 4 5 |  5.1
Fighting       | 1 |  1.5
Dodging        | |  2.4
Stealth        | |  2.4

Action                   |  1- 3 |  4- 6 || total
-------------------------+-------+-------++-------
 Fire: Fustibalus        |       |    78 ||    78
Throw: Stone             |    47 |    13 ||    60
 Cast: Flame Tongue      |    58 |   103 ||   161
       Throw Flame       |       |     2 ||     2
       Conjure Flame     |       |     1 ||     1
  Use: Scroll            |       |     9 ||     9
  Eat: Chunk             |     2 |     6 ||     8
Armor: Robe              |       |     9 ||     9
Dodge: Dodged            |    20 |    34 ||    54

Table legend:
 A = Spawn XP
 B = Non-spawn XP
 C = Spawn XP percentage of total XP
 D = Spawn monster count
 E = Non-spawn monster count
 F = Spawn count percentage of total count
 G = Total turns spent on level
                    A         B        C        D         E        F      G
               +---------+---------+-------+---------+---------+-------+---------
         Total |       0 |     400 |   0.0 |       0 |      84 |   0.0 |  3644
               +---------+---------+-------+---------+---------+-------+---------
           D:1 |       0 |      12 |   0.0 |       0 |       8 |   0.0 |   947
           D:2 |       0 |     144 |   0.0 |       0 |      30 |   0.0 |  1278
           D:3 |       0 |     141 |   0.0 |       0 |      31 |   0.0 |   966
           D:4 |       0 |     103 |   0.0 |       0 |      15 |   0.0 |   453
               +---------+---------+-------+---------+---------+-------+---------
